 Dungeon Crawl Stone Soup version 0.20.0-10-g0535bb4 (webtiles) character file.

98 nikopol the Chopper (level 4, -2/40 HPs)
             Began as a Hill Orc Fighter on June 4, 2017.
             Killed by nerve-wracking pain
             ... invoked by Grinder
              (7 damage)
             ... on level 4 of the Dungeon.
             The game lasted 00:03:24 (2249 turns).

nikopol the Chopper (Hill Orc Fighter)              Turns: 2249, Time: 00:03:25

Health: -2/40      AC:  8    Str: 19    XL:     4   Next: 69%
Magic:  4/4        EV:  7    Int:  8    God:
Gold:   151        SH:  9    Dex: 10    Spells: 3/3 levels left

rFire    . . .     SeeInvis .   a - +0 war axe
rCold    . . .     Gourm    .   c - +0 shield
rNeg     . . .     Faith    .   b - +0 scale mail
rPois    .         Spirit   .   (no helmet)
rElec    .         Reflect  .   (no cloak)
rCorr    .         Harm     .   (no gloves)
MR       .....                  w - +0 pair of boots
Stlth    ..........             (no amulet)
Regen    0.2/turn               (no ring)
MPRegen  0.1/turn               (no ring)

@: no status effects
A: no striking features
a: no special abilities


You were on level 4 of the Dungeon.
You were not hungry.

You visited 1 branch of the dungeon, and saw 4 of its levels.

You collected 151 gold pieces.

Inventory:

Hand Weapons
 a - a +0 war axe (weapon)
Armour
 b - a +0 scale mail (worn)
 c - a +0 shield (worn)
 w - a +0 pair of boots (worn)
Jewellery
 s - a cursed ring of loudness {unknown}
Scrolls
 e - a scroll of noise {unknown}
 g - 3 scrolls of remove curse {unknown}
 h - a scroll of identify {unknown}
 i - 3 scrolls of magic mapping {unknown}
 j - a scroll of fear {unknown}
 k - a scroll of teleportation {unknown}
 l - a scroll of amnesia {unknown}
 n - 3 scrolls of immolation {unknown}
 q - a scroll of enchant weapon {unknown}
 u - a scroll of recharging {unknown}
Potions
 d - a potion of might
 m - a potion of degeneration {unknown}
 p - a potion of flight {unknown}
 r - a potion of haste {unknown}
 t - a potion of heal wounds {unknown}
 v - a potion of curing {unknown}
Comestibles
 f - 7 bread rations
 o - 2 meat rations


   Skills:
 + Level 4.2 Fighting
 + Level 4.5 Axes
 + Level 3.7 Armour
 + Level 0.1 Dodging
 + Level 4.1 Shields


You had 3 spell levels left.
You didn't know any spells.

Dungeon Overview and Level Annotations

Branches:
Dungeon (4/15)
 Temple: D:4-7

Altars:

Annotations:
D:4 Grinder


Message History

Pain shoots through your body!
You can move again.
Things that are here:
a club; 4 poisoned tomahawks You closely miss Grinder.
Grinder gestures at you. Pain shoots through your body! Grinder hits you!
* * * LOW HITPOINT WARNING * * *
You writhe in agony.
* * * LOW HITPOINT WARNING * * *
Your shield and scale mail prevent you from hitting Grinder.
Grinder hits you.
* * * LOW HITPOINT WARNING * * *
You writhe in agony.
* * * LOW HITPOINT WARNING * * *
You hit Grinder.
Grinder is lightly wounded.
Grinder gestures at you. Pain shoots through your body!
You die...

#.# ##...## #.#
##.## #.# #.#
#..####.########
#.#####
#..(...........
#......
#.>####.########
####### #(# ###
#.# ..# #@# #
#.# #.5.# ###.
#.# ...#)..
....##.# #..>.
.#.# #...####
#...# ##.#
#....... #... #
####..)#### #...
#.........# #...
##.........#
...........#


You could see Grinder.

Vanquished Creatures
  2 adders (D:2)
  An ooze (D:2)
  3 worms
  2 dart slugs
  A leopard gecko (D:2)
  An orc (D:4)
  2 ball pythons (D:2)
  7 bats
  3 giant cockroaches (D:2)
  5 goblins
  6 hobgoblins
  4 jackals (D:2)
  A quokka (D:3)
  7 frilled lizards
  4 kobolds (D:1)
  12 rats
61 creatures vanquished.

Notes
Turn   | Place    | Note
-------+----------+-------------------------------------------
     0 | D:1      | nikopol the Hill Orc Fighter began the quest for the Orb.
     0 | D:1      | Reached XP level 1. HP: 19/19 MP: 1/1
   211 | D:1      | Reached XP level 2. HP: 27/27 MP: 2/2
   621 | D:2      | Reached XP level 3. HP: 7/33 MP: 3/3
  1423 | D:2      | Reached XP level 4. HP: 21/40 MP: 4/4
  2223 | D:4      | Noticed Grinder
  2228 | D:4      | Paralysed by Grinder for 7 turns
  2240 | D:4      | Paralysed by Grinder for 7 turns
  2249 | D:4      | Killed from afar by Grinder

Skill      XL: |  1  2  3  4 |
---------------+-------------+-----
Axes           | 3 4 |  4.5
Shields        | 4 |  4.1
Fighting       | 4 |  4.2
Armour         | |  3.7
Dodging        | |  0.1

Action                   |  1- 3 |  4- 6 || total
-------------------------+-------+-------++-------
Melee: War axe           |   128 |    79 ||   207
  Eat: Chunk             |     2 |     3 ||     5
Armor: Scale mail        |    54 |    35 ||    89
Dodge: Dodged            |    27 |    22 ||    49
Block: Shield            |    56 |    44 ||   100
